 Dungeon Crawl Stone Soup version 0.18.1-6-gd335043 (webtiles) character file.

15 M4edhros the Grave Robber (level 2, 0/17 HPs)
             Began as an Octopode Necromancer on May 20, 2016.
             Slain by a worm (12 damage)
             ... on level 2 of the Dungeon.
             The game lasted 00:01:52 (453 turns).

M4edhros the Grave Robber (Octopode Necromancer)     Turns: 453, Time: 00:01:52

Health: 0/17       AC:  1    Str:  7    XL:     2   Next: 50%
Magic:  2/5        EV: 12    Int: 17    God:
Gold:   37         SH:  0    Dex: 12    Spells: 1 memorised, 4 levels left

rFire  . . .     SeeInvis .     h - +1 dagger (venom)
rCold  . . .     Gourm    .     (no shield)
rNeg   . . .     Faith    .     (helmet restricted)
rPois  .         Spirit   .     (no amulet)
rElec  .         Dismiss  .     (no ring)
rCorr  .         Reflect  .     (no ring)
SustAt .         Harm     .     (no ring)
MR     .....                    (no ring)
Stlth  +++.......               (no ring)
                                (no ring)
                                (no ring)
                                (no ring)

@: not resistant to hostile enchantments, fairly stealthy
A: almost no armour, amphibious, 8 rings, constrict 8, camouflage 1, gelatinous
body 1
a: no special abilities


You were on level 2 of the Dungeon.
You were not hungry.

You visited 1 branch of the dungeon, and saw 2 of its levels.

You collected 37 gold pieces.

Inventory:

Hand Weapons
 h - a +1 dagger of venom (weapon)
Missiles
 d - 15 sling bullets
 f - 24 stones (quivered)
Scrolls
 e - a scroll of recharging {unknown}
 g - 3 scrolls of amnesia {unknown}
 i - 4 scrolls of identify {unknown}
 o - a scroll of enchant armour {unknown}
 p - a scroll of immolation {unknown}
Potions
 j - a potion of curing {unknown}
 k - 2 potions of brilliance {unknown}
 l - a potion of haste {unknown}
 m - a potion of mutation {unknown}
 n - a potion of cure mutation {unknown}
Books
 a - a book of Necromancy

   Spells                             Type                      Level
   a - Pain                           Necromancy                   1
   b - Animate Skeleton               Necromancy                   1
   c - Vampiric Draining              Necromancy                   3
   d - Regeneration                   Charms/Necromancy            3
   e - Animate Dead                   Necromancy                   4
   f - Control Undead                 Necromancy                   4
Comestibles
 b - a bread ration
 c - a fruit


   Skills:
 - Level 2.0 Dodging
 - Level 2.6 Stealth
 + Level 2.0 Unarmed Combat
 - Level 2.0 Spellcasting
 - Level 4.0 Necromancy


You had 4 spell levels left.
You knew the following spells:

 Your Spells              Type           Power        Failure   Level  Hunger
a - Pain                  Necr           ###.         3%          1    #......


Dungeon Overview and Level Annotations

Branches:
Dungeon (2/15)

Altars:


Innate Abilities, Weirdness & Mutations

You cannot wear most types of armour.
You are amphibious.
You can wear up to eight rings at the same time.
You can use your tentacles to constrict eight enemies at once.
Your skin changes colour to match your surroundings (Stealth).
Your rubbery body absorbs attacks (AC +1).


Message History

Aim: a worm (chance to defeat MR: 80%)
The worm convulses in agony!
Casting: Pain
Confirm with . or Enter, or press ? or * to list all spells.
Aiming: Pain
Press: ? - help, Shift-Dir - straight line, f/p - worm
Aim: a worm (moderately wounded, chance to defeat MR: 80%)
The worm convulses in agony!
Casting: Pain
Confirm with . or Enter, or press ? or * to list all spells.
Aiming: Pain
Press: ? - help, Shift-Dir - straight line, f/p - worm
Aim: a worm (heavily wounded, chance to defeat MR: 80%)
The worm convulses in agony!
You swing at nothing.
You hit the worm but do no damage. You grab the worm. You squeeze the worm.
The worm is severely wounded.
You constrict the worm. The worm bites you!
Ouch! That really hurt!
You die...

#......#
##...### #...#
#...# #...#
#...# .
..###...#####..#
...............#
.......@........
.......w.(.....#
%.##)....####.##
.# #.....# #
#.....# #.....#
#.....# #.....#


You could see a worm.

Vanquished Creatures
  2 dart slugs (D:1)
  3 bats
  A goblin (D:1)
  A hobgoblin (D:1)
  2 kobolds (D:1)
  2 rats (D:1)
11 creatures vanquished.

Notes
Turn   | Place    | Note
--------------------------------------------------------------
     0 | D:1      | M4edhros the Octopode Necromancer began the quest for the Orb.
     0 | D:1      | Reached XP level 1. HP: 11/11 MP: 3/3
   138 | D:1      | Reached skill level 1 in Unarmed Combat
   169 | D:1      | Reached XP level 2. HP: 4/17 MP: 3/5
   453 | D:2      | Slain by a worm

Skill      XL: |  1  2 |
---------------+-------+-----
Unarmed Combat | 1 2 |  2.0
Dodging        | |  2.0
Stealth        | |  2.6
Spellcasting   | |  2.0
Necromancy     | |  4.0

Action                   || total
-------------------------++-------
Melee: Unarmed           ||     9
       Constrict         ||     7
       Dagger            ||     5
       Tentacles         ||     2
 Cast: Pain              ||    11
 Stab: Sleeping          ||     3
Armor: Skin              ||     3
Dodge: Dodged            ||    11
